 Dungeon Crawl Stone Soup version 0.30.1-1-g62c8e00024 (webtiles) character file.

Game seed: 5716528562531530958

451 LynnLen the Sneak (level 6, -2/30 HPs)
             Began as a Spriggan Enchanter on July 15, 2023.
             Slain by a sleepcap (21 damage)
             ... on level 5 of the Dungeon.
             The game lasted 00:13:14 (4445 turns).

LynnLen the Sneak (Spriggan Enchanter)              Turns: 4445, Time: 00:13:14

Health: -2/30      AC:  2    Str:  4    XL:     6   Next: 75%
Magic:  8/12       EV:  4    Int: 16    God:
Gold:   189        SH:  0    Dex: 18    Spells: 2/12 levels left

rFire   . . .        a - +1 dagger (freeze)
rCold   . . .        (no shield)
rNeg    . . .        b - +0 robe
rPois   .            (helmet restricted)
rElec   .            (no cloak)
rCorr   .            (gloves unavailable)
SInv    +            (boots unavailable)
Will    +....        (no amulet)
Stlth   +++          (no ring)
HPRegen 0.25/turn    (no ring)
MPRegen 0.13/turn

%: no passive effects
@: confusing by touch, sleeping, very quick
A: very small, no large weapons, unfitting armour, see invisible, speed 3
a: no special abilities


You were on level 5 of the Dungeon.
You visited 1 branch of the dungeon, and saw 5 of its levels.

You collected 189 gold pieces.

Inventory:

Hand Weapons
 a - a +1 dagger of freezing (weapon)
Missiles
 o - 4 curare-tipped darts
 s - 4 poisoned darts
Armour
 b - a +0 robe (worn)
Scrolls
 g - a scroll of immolation
 h - a scroll of vulnerability {unknown}
 j - a scroll of enchant armour {unknown}
 k - a scroll of noise {unknown}
 n - a scroll of teleportation
 p - a scroll of butterflies {unknown}
 q - a scroll of fear {unknown}
 r - a scroll of poison {unknown}
Potions
 c - 4 potions of invisibility
 d - a potion of mutation
 e - 5 potions of curing
 i - 2 potions of attraction {unknown}
 l - 2 potions of lignification {unknown}
 m - a potion of cancellation {unknown}


   Skills:
 + Level 1.5 Fighting
 + Level 2.7 Short Blades
 + Level 4.0 Dodging
 + Level 5.7 Stealth
 + Level 3.9 Spellcasting
 + Level 4.6 Hexes
 + Level 1.5 Ice Magic
 + Level 1.9 Invocations
 + Level 2.8 Evocations


You had 2 spell levels left.
You knew the following spells:

 Your Spells              Type           Power      Damage    Failure   Level
a - Ensorcelled Hibernat  Hex/Ice        26%        N/A       8%          2
b - Confusing Touch       Hex            17%        N/A       8%          3
c - Tukima's Dance        Hex            17%        N/A       8%          3
d - Poisonous Vapours     Pois/Air       6%         N/A       26%         2

Your spell library contained the following spells:

 Spells                   Type           Power      Damage    Failure   Level
 Freeze                   Ice            32%        1d5       9%          1
 Sting                    Tmut/Pois      12%        1d3       17%         1
 Dazzling Flash           Conj/Hex       20%        N/A       21%         3
 Frozen Ramparts          Ice            16%        1d3       26%         3
 Ozocubu's Armour         Ice            8%         N/A       26%         3
 Hailstorm                Conj/Ice       5%         3d4       36%         3
 Ice Form                 Ice/Tmut       5%         N/A       77%         4
 Metabolic Englaciation   Hex/Ice        6%         N/A       80%         5
 Olgreb's Toxic Radiance  Pois           3%         N/A       86%         4
 Simulacrum               Ice/Necr       2%         N/A       100%        6


Dungeon Overview and Level Annotations

Branches:
Dungeon (5/15)
 Temple: D:4-7

Altars:
Qazlal

Annotations:
D:3 2 transporters, nroviw's ghost, weakling BaIE


Innate Abilities, Weirdness & Mutations

You are very small and have problems with some larger weapons.
You are too small for most types of armour.
You have supernaturally acute eyesight. (SInv)
You cover ground extremely quickly. (Speed+++)


Message History

Your hands begin to glow red.
You hit the sleepcap but do no damage.
The sleepcap appears confused.
You hit the sleepcap but do no damage. The sleepcap misses you.
You hit the sleepcap. You freeze the sleepcap.
The sleepcap is lightly damaged.
You hit the sleepcap but do no damage.
The sleepcap is lightly damaged.
The sleepcap misses you.
You hit the sleepcap but do no damage.
The sleepcap is lightly damaged.
The sleepcap releases spores at you!
You are engulfed in a cloud of soporific spores!
You fall asleep.
The sleepcap releases spores at you!
You wake up.
You are engulfed in a cloud of soporific spores!
You are unaffected.
You hit the sleepcap but do no damage.
The sleepcap is lightly damaged.
The sleepcap seems less confused.
The sleepcap misses you.
You hit the sleepcap. You freeze the sleepcap.
The sleepcap is moderately damaged.
The sleepcap closely misses you.
You hit the sleepcap but do no damage.
The sleepcap is moderately damaged.
The sleepcap releases spores at you.
* * * LOW HITPOINT WARNING * * *
Unknown command.
You feel much better. The sleepcap misses you.
Casting: Confusing Touch (quite dangerous; 8% risk of failure)
Confirm with . or Enter, or press ? or * to list all spells.
The spell is quite dangerous to miscast (8% risk of failure)!
Continue anyway?
Your hands begin to glow red.
The sleepcap releases spores at you.
You hit the sleepcap but do no damage.
The sleepcap is moderately damaged.
The sleepcap releases spores at you.
You are engulfed in a cloud of soporific spores!
You fall asleep.
The sleepcap releases spores at you!!
Ouch! That really hurt!
You die...

..##...#...### ..J.
.............# .....
.######....# ..... .#
#.....## ...... .#
##.#.#..## ..... .#
#..#.#...#####..# ##
#.#..##...##...##
#####.#.#####...f...#
##....#.# ##..@...#
#..####.# ##......$..
..## #.# #..###.....
.## ..# ..... .####
.# .## ##>.... . .# .
#..##.. # .. ..| #.#
.## ##.. .. ..


You could see a sleepcap.

Vanquished Creatures
  A phantom (D:5)
  2 orc priests (D:4)
  2 iguanas
  Natasha (thrice) (D:4)
  An orc wizard (D:3)
  9 adders
  3 worms
  4 dart slugs
  13 orcs
  A ball python (D:2)
  3 endoplasms
  3 giant cockroaches
  5 goblins
  3 hobgoblins
  A quokka (D:1)
  6 bats
  4 frilled lizards
  8 kobolds
  3 rats
75 creatures vanquished.

Notes
Turn   | Place    | Note
-------+----------+-------------------------------------------
     0 | D:1      | LynnLen the Spriggan Enchanter began the quest for the Orb.
     0 | D:1      | Reached XP level 1. HP: 9/9 MP: 5/5
   338 | D:1      | Reached XP level 2. HP: 13/13 MP: 6/6
   341 | D:1      | Learned a level 2 spell: Ensorcelled Hibernation
   537 | D:1      | You fall into a shaft and drop 1 floor!
   834 | D:2      | Reached XP level 3. HP: 17/17 MP: 2/8
   838 | D:2      | Learned a level 3 spell: Confusing Touch
   899 | D:2      | Reached skill level 1 in Evocations
  1420 | D:1      | Found a faded altar of an unknown god.
  1516 | D:2      | Reached skill level 1 in Invocations
  1776 | D:2      | Reached XP level 4. HP: 19/21 MP: 9/9
  1780 | D:2      | Learned a level 3 spell: Tukima's Dance
  2127 | D:2      | Reached skill level 1 in Ice Magic
  2184 | D:3      | Found a transporter.
  2184 | D:3      | Noticed nroviw's ghost (weakling BaIE)
  2274 | D:3      | Found a transporter.
  2430 | D:3      | Found a stormy altar of Qazlal.
  3268 | D:4      | Reached skill level 5 in Stealth
  3328 | D:4      | Reached XP level 5. HP: 19/25 MP: 11/11
  3332 | D:4      | Learned a level 2 spell: Poisonous Vapours
  3521 | D:4      | Reached skill level 1 in Fighting
  3685 | D:4      | Noticed Natasha
  3696 | D:4      | Killed Natasha
  3885 | D:4      | Reached XP level 6. HP: 30/30 MP: 9/12
  3953 | D:4      | Noticed Natasha
  3955 | D:4      | Identified the +2 ring mail of Trial and Error {rN+}
  3961 | D:4      | Killed Natasha
  4189 | D:4      | Noticed Natasha
  4197 | D:4      | Killed Natasha
  4246 | D:5      | Entered Level 5 of the Dungeon
  4445 | D:5      | Slain by a sleepcap

Illustrated notes

Levels and vault maps discovered:
D:1:      roderic_crossed_star, layout_loops_ring,
          shapermc_ecumenical_altar_petra
D:2:      layout_basic
D:3:      layout_basic, nicolae_overflow_crystal_walls, gammafunk_ghost_arena,
          minmay_tree_intersection
D:4:      layout_loops_cross, uniq_natasha
D:5:      layout_rooms, marbit_many_paths, serial_corexii_hall,
          corexii_hall_statues_l, chequers_hall_statues_y, corexii_corridor_pit,
          uniq_blork_the_orc

Skill      XL: |  1  2  3  4  5  6 |
---------------+-------------------+-----
Dodging        | 3 4 |  4.0
Evocations     | 1 2 |  2.8
Spellcasting   | 3 |  3.9
Invocations    | 1 |  1.9
Short Blades   | 2 |  2.7
Ice Magic      | 1 |  1.5
Hexes          | 4 |  4.6
Stealth        | 5 |  5.7
Fighting       | 1 |  1.5

Action                     |  1- 3 |  4- 6 || total
---------------------------+-------+-------++-------
  Melee: Dagger            |    98 |   138 ||   236
         Punch             |       |     1 ||     1
   Cast: Ensorcelled Hiber |    13 |    27 ||    40
         Confusing Touch   |       |     3 ||     3
    Use: Potion            |     2 |     1 ||     3
         Scroll            |     3 |     2 ||     5
   Stab: Sleeping          |    17 |    29 ||    46
         Confused          |       |     1 ||     1
 Armour: Robe              |    10 |     8 ||    18
  Dodge: Dodged            |    61 |    71 ||   132
